 Dungeon Crawl Stone Soup version 0.17-a0-1882-g750edc8 (webtiles) character file.

69 ololoev the Slasher (level 4, -13/60 HPs)
             Began as a Deep Dwarf Berserker on Sept 22, 2015.
             Was a Follower of Trog.
             Mangled by an ogre
             ... wielding a cursed -1 giant club
              (19 damage)
             ... on level 4 of the Dungeon.
             The game lasted 00:04:44 (458 turns).

ololoev the Slasher (Deep Dwarf Berserker)           Turns: 458, Time: 00:04:44

Health: -13/60     AC: 10    Str: 27    XL:     4   Next: 2%
Magic:  4/4        EV:  9    Int:  7    God:    Trog [*.....]
Gold:   29         SH:  0    Dex: 15    Spells: 0 memorised, 3 levels left

rFire  . . .     SeeInvis .     b - +1 falchion (freeze)
rCold  . . .     Clarity  .     j - +0 chain mail
rNeg   . . .     SustAt   .     (no shield)
rPois  .         Gourm    .     i - +0 helmet
rElec  .         Spirit   .     (no cloak)
rCorr  .         Warding  .     (no gloves)
rMut   .         Stasis   .     (no boots)
MR     .....                    (no amulet)
Stlth  ..........               (no ring)
                                h - +3 ring of dexterity

@: berserking, non-regenerating, very quick, not resistant to hostile
enchantments, extremely unstealthy
A: damage resistance, recharge devices, sense surroundings 1, slow healing 3
a: Device Recharging, Burn Spellbooks, Berserk, Renounce Religion


Innate Abilities, Weirdness & Mutations

You are resistant to damage.
You can recharge devices by infusing magical energy.
You passively map a small area around you.
You do not heal naturally.

Inventory:

Hand weapons
 b - a +1 falchion of freezing (weapon)
Armour
 i - a +0 helmet (worn)
 j - a +0 chain mail (worn)
Jewellery
 h - a +3 ring of dexterity (left hand)
Magical devices
 c - a wand of heal wounds (3)
Scrolls
 a - a scroll of remove curse {unknown}
 e - 4 scrolls of identify {unknown}
 f - a scroll of random uselessness {unknown}
 g - a scroll of teleportation
Potions
 k - a potion of heal wounds {unknown}
 m - a potion of haste {unknown}
Comestibles
 d - a bread ration
 l - 2 chunks of flesh


   Skills:
 - Level 2.6 Fighting
 * Level 4.3 Long Blades
 + Level 3.2 Armour
 - Level 2.1 Dodging


You had 3 spell levels left.
You didn't know any spells.


You were on level 4 of the Dungeon.
You worshipped Trog.
Trog was aware of your devotion.
You were not hungry.

You visited 1 branch of the dungeon, and saw 4 of its levels.

You collected 62 gold pieces.
You spent 33 gold pieces at shops.

* #........ *
#......). * *....
#...^...# #... * *
#.......# #..# ,
#......# #..#
#..[...# #..######
##...O.###
##........,
#...>.@..####......#*
....l####..........#
, , ... *
###........## * #
#######.>.# , * ###.#
, * * ###### ##.# ,
#....## #..# ** **
#...#####.## ,
*#.<.#...##

Notes
Turn   | Place    | Note
--------------------------------------------------------------
     0 | D:1      | ololoev the Deep Dwarf Berserker began the quest for the Orb.
     0 | D:1      | Reached XP level 1. HP: 20/20 MP: 1/1
   286 | D:3      | Reached XP level 2. HP: 24/27 MP: 2/2
   350 | D:4      | Found Hoepuh's Magic Scroll Boutique.
   358 | D:4      | Bought a scroll of teleportation for 33 gold pieces
   372 | D:4      | Reached XP level 3. HP: 29/33 MP: 3/3
   403 | D:3      | Reached skill level 4 in Long Blades
   426 | D:4      | Reached XP level 4. HP: 26/40 MP: 4/4
   442 | D:4      | Noticed a scorpion
   451 | D:4      | Noticed an ogre
   458 | D:4      | Mangled by an ogre

Dungeon Overview and Level Annotations

Branches:
Dungeon (4/15)
 Temple: D:4-7

Altars:

Shops:
D:4 ?


Message History

The giant gecko is moderately wounded.
The giant gecko barely misses you.
You miss the giant gecko.
The giant gecko is moderately wounded.
The giant gecko closely misses you.
You hit the giant gecko. You freeze the giant gecko.
You kill the giant gecko!
Trog accepts your kill.
You have reached level 4!
You feel stronger.
You see here a giant gecko corpse.
You butcher the giant gecko corpse.
l - 2 chunks of flesh
There is a stone staircase leading up, spattered with blood here.
Found a silvery potion.
m - a silvery potion
Found an escape hatch in the floor.
Found a scroll labeled LAROEX DEDUSU.
There is an escape hatch in the floor here.
A scorpion comes into view.
You found a teleport trap!
The teleport trap disappears.
The scorpion disappears!
Found a stone staircase leading down.
Found a scale mail.
e - 4 scrolls labeled LAROEX DEDUSU (gained 1)
An ogre comes into view. It is wielding a giant club.
Found a whip.
Use which ability?
A red film seems to cover your vision as you go berserk!
You feel yourself moving faster!
You feel mighty!
You feel somewhat more hungry.
You barely miss the ogre. The ogre hits you with a giant club!!
You barely miss the ogre. You barely miss the ogre.
The ogre hits you with a giant club!
A giant newt comes into view.
Unknown command.
You slash the ogre! You freeze the ogre.
The ogre is heavily wounded.
The ogre hits you with a giant club!!
You die...

You could see an ogre and a giant newt.

Vanquished Creatures
  A centaur skeleton (D:4)
  A hound (D:4)
  A worm (D:3)
  3 giant geckos
  An orc (D:3)
  2 hobgoblins (D:3)
  A kobold (D:1)
  2 rats (D:3)
12 creatures vanquished.

Action                   |  1- 3 |  4- 6 || total
-------------------------+-------+-------++-------
Melee: Falchion          |    64 |     4 ||    68
Invok: Berserk           |       |     1 ||     1
Evoke: Wand              |     2 |       ||     2

Vault maps used:
D:1:      shiori_arrival_oz
D:2:      kennysheep_the_goblin_king
D:3:      kennysheep_big_flooded_room
D:4:      first_bread, serial_shops, shop, uniq_menkaure
